Map: King Sejong Station LE

Players

Karlosop - Winner!

  • Race: Protoss Protoss
  • Spawn Location: 11:00

Amix

  • Race: Zerg Zerg
  • League: Platinum
  • Spawn Location: 5:00

VOD

Have the link to the VOD?

Description

Time

  • Played on: Nov. 15, 2016, 4:48 p.m.
  • Length: 2:14
Show
View Real Time Build Order
Export as new Build Order

Karlosop Protoss - Winner!

Build Orders: 1 Gate Expand 

Get SALT Encoding   

  12  0:03  Probe (Chrono Boost)  
  13  0:13  Probe (Chrono Boost)  
  14  0:21  Pylon  
  14  0:24  Probe (Chrono Boost)  
  15  0:43  Gateway  
  15  0:48  Probe (Chrono Boost)  
  16  0:54  Assimilator  
  16  0:59  Probe (Chrono Boost)  
  17  1:09  Probe (Chrono Boost)  
  18  1:15  Pylon  
  18  1:20  Probe (Chrono Boost)  
  19  1:30  Probe (Chrono Boost)  
  19  1:41  Nexus, Probe (Chrono Boost)  
  20  1:53  Cybernetics Core  
  20  1:55  Probe (Chrono Boost)  
  21  2:03  Assimilator  
Show
View Real Time Build Order
Export as new Build Order

Amix Zerg 

Build Orders: Hatch First 

Get SALT Encoding   

  12  0:01  Drone  
  13  0:12  Overlord  
  13  0:18  Drone  
  14  0:27  Drone, Extractor  
  14  0:30  Drone  
  14  0:34  Drone  
  17  0:55  Hatchery  
  17  0:56  Drone  
  17  0:58  Drone  
  18  1:08  Drone  
  19  1:17  Overlord  
  19  1:30  Extractor  
  18  1:32  Spawning Pool  
  18  1:37  Drone  
  18  1:47  Drone  
  19  1:52  Drone  
  20  2:01  Drone  
Tags
 
Add a new tag
Caveats
  • Supply blocks, unpowered buildings, or Contaminate may cause inaccurate times.
  • Supply counts are checked every 10 seconds.